AoeStats
← AiM | Walter Quiver

Lombardia

510246883Analyzed
4v4 RM · 16h ago on Sep 30, 2026· 65m 12s· 8 players
Game mode
Random Map
Map size
Large (8 player)
Population
200
Speed
Normal
Resources
Standard
Victory
Conquest
Starting age
Dark Age
Ending age
Imperial Age
RankedLock teamsTeams togetherTeam positionsShared explorationLock speedFull tech treeHidden civsTurbo modeCheats
Victory
Defeat
🇹🇼 Inca · Taiwan
1631
+13
🇦🇷 Georgians · Argentina
1588
+15
🇨🇱 Khmer · Chile
1587
+15
🇧🇷 Maya · Brazil
1511
+18
🇦🇷 Huns · Argentina
1638
-18
🇦🇷 Persians · Argentina
1608
-17
🇦🇷 Hindustanis · Argentina
1528
-14
🇨🇱 Tatars · Chile
1494
-12
Cannoli
6:44 Loom
8:52 Feudal Age
7:44 Loom
9:47 Double-Bit Axe
10:44 Horse Collar
16:38 Forging
20:34 Wheelbarrow
22:12 Castle Age
20:49 Bloodlines
20:53 Gold Mining
21:25 Fletching
23:07 Padded Archer Armor
24:25 Bodkin Arrow
24:45 Bow Saw
26:20 Husbandry
28:22 Ballistics
28:23 Town Watch
30:11 Leather Archer Armor
30:07 Thumb Ring
32:13 Leather Archer Armor
35:24 Hand Cart
35:56 Heavy Plow
40:28 Imperial Age
37:50 Stone Mining
38:36 Gold Shaft Mining
39:46 Scale Mail Armor
41:11 Bracer
42:12 Chemistry
40:59 Light Cavalry
41:46 Scale Barding Armor
41:33 Heavy Cavalry Archer
42:49 Parthian Tactics
43:02 Caravan
48:44 Hussar
50:34 Chain Barding Armor
50:49 Iron Casting
51:13 Iron Casting
50:16 Capped Ram
52:12 Conscription
51:33 Siege Ram
55:58 Coinage
56:16 Plate Barding Armor
56:41 Blast Furnace
57:28 Marauders
57:22 Elite Tarkan
62:24 Elite Skirmisher
AiM | Walter Quiver
7:09 Loom
9:26 Feudal Age
10:00 Double-Bit Axe
10:02 Horse Collar
18:39 Wheelbarrow
23:50 Castle Age
22:42 Gold Mining
23:54 Scale Barding Armor
23:43 Fletching
24:38 Bodkin Arrow
25:16 Husbandry
25:58 Bow Saw
28:55 Ballistics
29:48 Padded Archer Armor
30:36 Gold Shaft Mining
32:44 Leather Archer Armor
33:24 Bloodlines
38:32 Hand Cart
38:16 Stone Mining
40:38 Caravan
47:37 Fortified Wall
57:13 Imperial Age
57:51 Coinage
59:12 Bracer
60:14 Chemistry
59:52 Ring Archer Armor
59:56 Conscription
64:05 Heavy Cavalry Archer
Naxxxel
6:39 Loom
8:57 Feudal Age
9:53 Double-Bit Axe
12:25 Horse Collar
18:44 Wheelbarrow
22:00 Castle Age
20:46 Scale Barding Armor
21:18 Bloodlines
22:59 Husbandry
26:01 Hand Cart
27:02 Bow Saw
26:55 Heavy Plow
28:21 Gold Mining
28:50 Town Watch
29:19 Forging
34:28 Chain Barding Armor
34:46 Iron Casting
40:09 Imperial Age
38:50 Stone Mining
39:36 Gold Shaft Mining
40:12 Heavy Camel Rider
41:59 Blast Furnace
41:27 Light Cavalry
42:47 Plate Barding Armor
42:59 Town Patrol
44:36 Imperial Camel Rider
49:47 Conscription
49:32 Grand Trunk Road
51:00 Caravan
52:04 Fletching
58:44 Bodkin Arrow
58:51 Scale Mail Armor
61:03 Onager
62:39 Hussar
66:08 Chemistry
BOT Douglas
6:39 Loom
8:52 Feudal Age
9:28 Double-Bit Axe
9:38 Horse Collar
18:00 Wheelbarrow
21:27 Castle Age
22:25 Bow Saw
22:15 Heavy Plow
23:31 Scale Barding Armor
24:22 Forging
24:52 Husbandry
27:30 Gold Mining
29:35 Iron Casting
32:22 Hand Cart
31:56 Town Watch
33:12 Chain Barding Armor
36:22 Imperial Age
35:35 Bloodlines
37:19 Plate Barding Armor
36:09 Cavalier
37:52 Gold Shaft Mining
37:49 Crop Rotation
38:20 Two-Man Saw
37:11 Stone Mining
41:49 Blast Furnace
42:12 Savar
44:39 Caravan
52:05 Masonry
51:51 Murder Holes
52:19 Ballistics
53:31 Light Cavalry
54:39 Conscription
61:50 Hussar
64:45 Coinage
QNA | Apachai Hopachai
4:56 Loom
7:27 Feudal Age
8:07 Double-Bit Axe
14:33 Horse Collar
15:35 Forging
16:54 Scale Barding Armor
18:23 Bloodlines
24:47 Castle Age
26:03 Husbandry
26:27 Chain Barding Armor
27:04 Iron Casting
26:55 Bow Saw
27:14 Heavy Plow
33:51 Wheelbarrow
35:41 Hand Cart
36:20 Gold Mining
37:52 Light Cavalry
49:31 Imperial Age
48:52 Caravan
49:37 Hussar
51:19 Blast Furnace
50:55 Plate Barding Armor
54:16 Conscription
54:15 Fletching
54:26 Padded Archer Armor
54:12 Elite Ballista Elephant
56:01 Chemistry
55:21 Ballistics
57:44 Double Crossbow
60:19 Siege Engineers
63:45 Bodkin Arrow
63:48 Murder Holes
64:03 Masonry
64:41 Leather Archer Armor
64:27 Bracer
64:20 Heated Shot
jAvi
7:12 Loom
9:16 Feudal Age
10:04 Double-Bit Axe
10:16 Horse Collar
15:05 Bloodlines
22:13 Wheelbarrow
24:48 Castle Age
25:09 Light Cavalry
25:52 Husbandry
26:41 Forging
26:37 Scale Barding Armor
26:59 Bow Saw
28:03 Iron Casting
39:28 Hand Cart
42:45 Gold Mining
44:50 Heavy Plow
48:45 Imperial Age
47:06 Fletching
47:42 Bodkin Arrow
48:54 Ballistics
49:04 Caravan
49:18 Padded Archer Armor
49:43 Bracer
51:35 Chemistry
53:27 Parthian Tactics
54:03 Elite Skirmisher
59:14 Hussar
64:22 Blast Furnace
64:54 Chain Barding Armor
64:03 Heavy Cavalry Archer
鼠條
5:23 Loom
8:50 Feudal Age
8:58 Champi Runner
12:30 Horse Collar
13:48 Double-Bit Axe
16:12 Wheelbarrow
20:30 Castle Age
18:45 Forging
18:35 Scale Mail Armor
20:39 Champi Warrior
21:37 Chain Mail Armor
21:57 Squires
24:12 Arson
29:50 Fletching
30:51 Arson
32:10 Iron Casting
35:24 Hand Cart
44:05 Imperial Age
42:17 Town Watch
43:42 Caravan
44:57 Elite Champi Warrior
46:39 Blast Furnace
46:09 Plate Mail Armor
47:14 Plate Mail Armor
49:25 Conscription
48:51 Pikeman
50:28 Heavy Plow
50:40 Bow Saw
51:12 Halberdier
60:19 Crop Rotation
60:30 Bodkin Arrow
61:24 Coinage
61:17 Guilds
64:25 Fortified Wall
63:57 Treadmill Crane
65:29 Banking
逆·风
0:27 Loom
11:51 Feudal Age
12:40 Double-Bit Axe
12:35 Horse Collar
13:21 Horse Collar
17:55 Castle Age
16:35 Stone Mining
16:36 Gold Mining
18:59 Bow Saw
18:49 Heavy Plow
26:22 Wheelbarrow
25:59 Town Watch
27:57 Stone Shaft Mining
28:03 Hand Cart
27:41 Eagle Warrior
32:05 Imperial Age
30:15 Scale Mail Armor
30:26 Forging
31:25 Chain Mail Armor
31:35 Squires
30:56 Pikeman
32:29 Caravan
33:22 Plate Mail Armor
33:48 Conscription
33:59 Holcans
34:05 Holcans
35:35 Iron Casting
34:51 Fletching
36:27 Two-Man Saw
35:58 Crop Rotation
36:07 Elite Eagle Warrior
36:56 Murder Holes
39:42 Blast Furnace
38:38 Bodkin Arrow
38:47 Arson
39:13 Padded Archer Armor
38:57 Treadmill Crane
39:27 Masonry
40:33 Ballistics
40:11 Halberdier
41:26 Hul'che Javelineers
41:29 Bracer
42:30 Chemistry
42:02 Architecture
42:48 Leather Archer Armor
42:28 Elite Plumed Archer
43:44 Hoardings
44:18 Ring Archer Armor
44:00 Fortified Wall
44:06 Guilds
45:05 Elite Skirmisher
45:51 Thumb Ring
45:07 Crossbowman
50:11 Coinage
51:29 Banking
53:18 Arbalester
55:42 Town Patrol
Connection lost

Rejoining the realm…

Still unreachable

The connection could not be restored.

Session expired

The server has moved on; the page needs a fresh start.